 Dungeon Crawl Stone Soup version 0.29.1-15-g9cfb28693d (webtiles) character file.

Game seed: 14164716914325122855

35 leafyfresh the Sneak (level 3, 0/26 HPs)
             Began as an Octopode Delver on Apr 22, 2023.
             Slain by a water moccasin (3 damage)
             ... on level 5 of the Dungeon.
             The game lasted 00:00:16 (88 turns).

leafyfresh the Sneak (Octopode Delver)                Turns: 88, Time: 00:00:16

Health: 0/26       AC:  1    Str: 11    XL:     3   Next: 33%
Magic:  3/3        EV: 13    Int: 14    God:
Gold:   18         SH:  0    Dex: 13    Spells: 2/2 levels left

rFire   . . .      SeeInvis .   a - +0 short sword
rCold   . . .      Faith    .   (no shield)
rNeg    . . .      Spirit   .   (helmet restricted)
rPois   .          Reflect  .   (no amulet)
rElec   .          Harm     .   (no ring)
rCorr   .          Rampage  .   (no ring)
Will    .....                   (no ring)
Stlth   ++++......              (no ring)
HPRegen 0.08/turn               (no ring)
MPRegen 0.08/turn               (no ring)
                                (no ring)
                                (no ring)

@: lethally poisoned (0 -> -10)
A: almost no armour, amphibious, 8 rings, camouflage 1, gelatinous body 1,
(nimble swimmer 1), tentacles
a: no special abilities


You were on level 5 of the Dungeon.
You visited 1 branch of the dungeon, and saw 1 of its levels.

You collected 18 gold pieces.

Inventory:

Hand Weapons
 a - a +0 short sword (weapon)
Wands
 f - a wand of digging (3)
Scrolls
 b - a scroll of fog
 c - a scroll of magic mapping
 d - a scroll of fear
Potions
 e - a potion of haste


   Skills:
 + Level 3.4 Fighting
 - Level 2.0 Short Blades
 + Level 2.6 Dodging
 + Level 7.1 Stealth


You had 2 spell levels left.
You didn't know any spells.
Your spell library was empty.

Dungeon Overview and Level Annotations

Branches:
Dungeon (5/15)
 Temple: D:4-7

Altars:


Innate Abilities, Weirdness & Mutations

You cannot wear most types of armour.
You are amphibious.
You can wear up to eight rings at the same time.
Your skin changes colour to match your surroundings (Stealth+).
Your rubbery body absorbs attacks. (AC +1, EV +1)
((You are camouflaged when in or above water. (Stealth+)))
You have tentacles for arms and can constrict up to eight enemies at once.


Message History

The gnoll closely misses you.
You hit the gnoll. You squeeze the gnoll!
You kill the gnoll!
Your Stealth skill increases to level 7!
You have reached level 3!
Your experience leads to an increase in your attributes!
Increase (S)trength, (I)ntelligence, or (D)exterity?
You feel clever. x2
You hit the gnoll. You grab the gnoll.
The gnoll is moderately wounded.
You constrict the gnoll, but do no damage.
A water moccasin comes into view.
The orc completely misses you. The gnoll misses you.
You hit the gnoll.
The gnoll is heavily wounded.
You constrict the gnoll, but do no damage.
The gnoll hits you with a +0 club. The orc hits you with a +0 dagger.
You hit the gnoll.
The gnoll is severely wounded.
You constrict the gnoll. The orc closely misses you. The gnoll misses you.
You hit the gnoll.
You kill the gnoll!
The orc hits you with a +0 dagger.
You closely miss the water moccasin. Your grab misses the water moccasin.
The water moccasin closely misses you. The orc hits you with a +0 dagger.
You are too injured to fight recklessly!
You are too injured to fight recklessly!
Unknown command.
An orc and an orc wizard come into view.
The orc shouts!
You hear a shout!
The water moccasin bites you!
* * * LOW HITPOINT WARNING * * *
You are lethally poisoned!
The water moccasin poisons you!
The orc wizard moves out of view.
You hit the water moccasin but do no damage.
Your grab misses the water moccasin.
* * * LOW HITPOINT WARNING * * *
You feel very sick. The water moccasin bites you.
You die...

# #.##.# ##
# #.#..##.#
# #.#..... #
# #.#.#.# .#
# # #.....#
o. # #..
##..#.##.# #
....^#o###..
#
......)gS#.#
#
.......##@#
# .......
#.# #.....#
#.# #...
.....# #.#
..# ##..#
#.# ..# #..
#.# ..# ...
..# .## .##


You could see a water moccasin, a gnoll and 2 orcs.

Vanquished Creatures
  An adder (D:5)
  2 gnolls (D:5)
  An ufetubus (D:5)
4 creatures vanquished.

Notes
Turn   | Place    | Note
-------+----------+-------------------------------------------
     0 | D:5      | leafyfresh the Octopode Delver began the quest for the Orb.
     0 | D:5      | Reached XP level 1. HP: 16/16 MP: 1/1
    13 | D:5      | Reached XP level 2. HP: 21/21 MP: 2/2
    81 | D:5      | Reached skill level 7 in Stealth
    81 | D:5      | Reached XP level 3. HP: 26/26 MP: 3/3
    81 | D:5      | Noticed a water moccasin
    88 | D:5      | Slain by a water moccasin

Illustrated notes

Levels and vault maps discovered:
D:5:      layout_loops_cross, jmf_multi_god_temple2, serial_shops,
          nicolae_shop_stone, minmay_misc_feat_tiny

Skill      XL: |  1  2 |
---------------+-------+-----
Stealth        | 7 |  7.1
Fighting       | |  3.4
Short Blades   | |  2.0
Dodging        | |  2.6

Action                   || total
-------------------------++-------
Melee: Short sword       ||    11
       Tentacles         ||     3
       Constrict         ||     2
 Stab: Sleeping          ||     1
Dodge: Dodged            ||    10
